 Dungeon Sprint DCSS version 0.19-b1-5-gdc9fa9d (webtiles) character file.

811 LORDOFBUTT the Unseen (level 7, -3/33 HPs)
             Began as a Spriggan Assassin on Oct 31, 2016.
             Was an Initiate of Dithmenos.
             Slain by a human (8 damage)
             ... in the Dungeon (Sprint III: "The Ten Rune Challenge").
             The game lasted 00:02:11 (356 turns).

LORDOFBUTT the Unseen (Spriggan Assassin)            Turns: 356, Time: 00:02:12

Health: -3/33      AC:  3    Str:  8    XL:     7   Next: 61%
Magic:  8/8        EV: 17    Int: 12    God:    Dithmenos [......]
Gold:   38         SH:  0    Dex: 19    Spells: 0 memorised, 6 levels left

rFire  . . .     SeeInvis +     b - +0 blowgun
rCold  . . .     Gourm    .     c - +0 robe
rNeg   . . .     Faith    .     (shield restricted)
rPois  .         Spirit   .     (helmet restricted)
rElec  .         Reflect  .     d - +0 cloak
rCorr  .         Harm     .     (gloves unavailable)
MR     +....     NoTele   +     (boots unavailable)
Stlth  +++++++...               (no amulet)
                                (no ring)
                                (no ring)

@: very slightly contaminated, hasted, very quick
A: unfitting armour, see invisible, herbivore 3, speed 3, slow metabolism 2
a: Renounce Religion


You were in the Dungeon.
You worshipped Dithmenos.
Dithmenos was noncommittal.
You were not hungry.

You visited 1 branch You collected 38 gold pieces.

Inventory:

Hand Weapons
 b - a +0 blowgun (weapon)
 v - a +1 dagger of electrocution
Missiles
 e - 2 poisoned needles (quivered)
Armour
 c - a +0 robe (worn)
 d - a +0 cloak (worn)
Wands
 o - a wand of slowing (29/48)
Scrolls
 m - a scroll of blinking
 n - 2 scrolls of random uselessness {unknown}
 p - 3 scrolls of identify {unknown}
 q - 2 scrolls of holy word {unknown}
 t - 2 scrolls of remove curse
Potions
 h - a potion of curing
 i - a potion of heal wounds
 k - 2 potions of magic
 l - 2 potions of mutation {unknown}
 r - 3 potions of cure mutation
 s - 3 potions of flight
Books
 u - a book of Misfortune

   Spells                             Type                      Level
   a - Confusing Touch                Hexes                        1
   b - Confuse                        Hexes                        3
   c - Gell's Gravitas                Hexes/Translocation          3
   d - Petrify                        Transmutation/Earth          4
   e - Metabolic Englaciation         Hexes/Ice                    5
   f - Yara's Violent Unravelling     Hexes/Transmutation          5
Comestibles
 g - 2 bread rations


   Skills:
 - Level 1.5 Fighting
 + Level 12.8 Short Blades
 - Level 2.0 Throwing
 - Level 1.5 Dodging
 + Level 17.7 Stealth


You had 6 spell levels left.
You didn't know any spells.

Dungeon Overview and Level Annotations

Branches:
Dungeon (1/1)

Altars:
Dithmenos
Elyvilon
Kikubaaqudgha
Okawaru
Ru
Sif Muna
Trog
Uskayaw
Vehumet
Yredelemnul
Zin
The Shining One
Beogh


Innate Abilities, Weirdness & Mutations

You are very small and have problems with some larger weapons.
You are too small for most types of armour.
You have supernaturally acute eyesight. (SInv)
You are a herbivore.
You cover ground extremely quickly.
You need consume almost no food.


Message History

The human looks even sicker.
The human is heavily wounded.
Firing (i - inventory):
e - 5 poisoned needles (quivered)
Press: ? - help, Shift-Dir - straight line, f/p - human
Aim: a human (moderately wounded, unusually strong, poisoned)
You shoot a poisoned needle. The poisoned needle hits the human.
The human looks even sicker.
The human is moderately wounded.
Firing (i - inventory):
e - 4 poisoned needles (quivered)
Press: ? - help, Shift-Dir - straight line, f/p - human
Aim: a human (heavily wounded, unusually strong, poisoned)
You shoot a poisoned needle.
The poisoned needle barely misses the human.
Firing (i - inventory):
e - 3 poisoned needles (quivered)
Press: ? - help, Shift-Dir - straight line, f/p - human
Aim: a human (heavily wounded, unusually strong, poisoned)
You shoot a poisoned needle.
The poisoned needle barely misses the human.
The human hits you!
You die...

▓#'####....♣♣♣ ♣♣.#)..#__.#._#
▓.....#....≈♣♣♣♣..###'#'###'##
▓†...†#...≈≈♣.♣ ♣.#(.(.......#
▓.....#..≈≈≈≈♣♣♣♣.(.⌠........#
▓####'#..≈≈≈≈≈≈.♣(#...######+#
▓.....#.≈≈≈≈≈≈....#.⌠.#
▓....[#.≈≈≈≈≈..(..#...#
▓.....#.≈≈≈...p...#'###
▓'#####......@....#.))#
▓.................#___#
▓▓▓▓▓▓▓▓▓▓▓▓▓▓▓▓▓▓▓▓▓▓▓


You could see a human.

Vanquished Creatures
  A deep elf mage (D)
  A necrophage (D)
  A water elemental (D)
  A wizard (D)
  Jessica (D)
  A necromancer (D)
  A kobold demonologist (D)
  2 humans (D)
  A phantom (D)
  3 rats (D)
13 creatures vanquished.

Vanquished Creatures (others)
  A draconian scorcher (D)
  5 hellions (D)
  A yaktaur (D)
  A plant (D)
8 creatures vanquished.

Grand Total: 21 creatures vanquished

Notes
Turn   | Place    | Note
-------+----------+-------------------------------------------
     0 | D        | LORDOFBUTT the Spriggan Assassin began the quest for the Orb.
     0 | D        | Reached XP level 1. HP: 10/10 MP: 2/2
     5 | D        | Reached skill level 6 in Stealth
    14 | D        | Noticed Jessica
    27 | D        | Killed Jessica
    27 | D        | Reached skill level 5 in Short Blades
    27 | D        | Reached skill level 8 in Stealth
    27 | D        | Reached XP level 2. HP: 7/14 MP: 3/3
    70 | D        | Killed a yaktaur
   123 | D        | Killed a hellion
   123 | D        | Killed a hellion
   123 | D        | Killed a hellion
   125 | D        | Killed a hellion
   187 | D        | Reached skill level 9 in Stealth
   187 | D        | Reached XP level 3. HP: 18/18 MP: 4/4
   218 | D        | Killed a white draconian scorcher
   243 | D        | Killed a hellion
   251 | D        | Noticed a water elemental
   254 | D        | Killed a water elemental
   254 | D        | Reached skill level 11 in Stealth
   254 | D        | Reached XP level 4. HP: 22/22 MP: 5/5
   261 | D        | Found a radiant altar of Vehumet.
   261 | D        | Found a deep blue altar of Sif Muna.
   261 | D        | Found an ancient bone altar of Kikubaaqudgha.
   261 | D        | Noticed a wizard
   263 | D        | Killed a wizard
   263 | D        | Reached skill level 12 in Stealth
   263 | D        | Reached XP level 5. HP: 25/25 MP: 6/6
   276 | D        | Found a glowing silver altar of Zin.
   277 | D        | Found a glowing golden altar of the Shining One.
   277 | D        | Found a white marble altar of Elyvilon.
   277 | D        | Noticed a deep elf mage
   279 | D        | Killed a deep elf mage
   279 | D        | Reached skill level 16 in Stealth
   279 | D        | Reached XP level 6. HP: 30/30 MP: 7/7
   279 | D        | Reached XP level 7. HP: 33/33 MP: 8/8
   288 | D        | Found a shadowy altar of Dithmenos.
   289 | D        | Found a basalt altar of Yredelemnul.
   289 | D        | Found a sacrificial altar of Ru.
   291 | D        | Reached skill level 17 in Stealth
   297 | D        | Became a worshipper of Dithmenos the Shadowed
   308 | D        | Found a hide-covered altar of Uskayaw.
   308 | D        | Found a roughly hewn altar of Beogh.
   308 | D        | Found an iron altar of Okawaru.
   308 | D        | Found a bloodstained altar of Trog.
   308 | D        | Noticed a human
   309 | D        | Noticed a human
   344 | D        | Killed a human
   356 | D        | Slain by a human

Skill      XL: |  1  2  3  4  5  6  7 |
---------------+----------------------+-----
Stealth        | 8 9 11 12 16 17 | 17.7
Short Blades   | 5 7 11 12 | 12.8
Fighting       | |  1.5
Throwing       | |  2.0
Dodging        | |  1.5

Action                   |  1- 3 |  4- 6 |  7- 9 || total
-------------------------+-------+-------+-------++-------
Melee: Dagger            |     9 |     3 |    26 ||    38
 Fire: Blowgun           |     5 |       |     8 ||    13
  Use: Potion            |     1 |       |     1 ||     2
 Stab: Sleeping          |     4 |     3 |     2 ||     9
Armor: Robe              |     1 |       |       ||     1
Dodge: Dodged            |    12 |       |     5 ||    17
